[Event "*** Titled Tuesday Blitz"]
[Site "Chess.com"]
[Date "2018.08.07"]
[Round "2"]
[White "JonahWillow"]
[Black "Kubas1010"]
[Result "1-0"]
[WhiteElo "2527"]
[BlackElo "2468"]
[TimeControl "180+2"]
[EndTime "13:24:05 PDT"]
[Termination "JonahWillow won by resignation"]

1. e4 c5 2. Nf3 d6 3. d4 cxd4 4. Qxd4 Nc6 5. Bb5 a6 6. Bxc6+ bxc6 7. Nc3 e5 8. Qd3 Qc7 9. O-O Nf6 10. Bg5 Nd7 11.
Rad1 Nc5 12. Qd2 Ne6 13. Be3 Be7 14. Na4 Rb8 15. c4 O-O 16. b3 Rd8 17. Qc3 c5 18. Qd2 Nd4 19. Nc3 Nxf3+ 20. gxf3 Bh3 21. Rfe1 Qd7 22.
Kh1 Qe6 23. Nd5 Bh4 24. Bg5 Bxg5 25. Qxg5 h6 26. Qg3 Kh7 27. Rg1 g5 28. Rde1 Rg8 29. Nc7 Qd7 30. Nd5 Rg6 31. Rd1 Rbg8 32. Nb6 Qe6 33.
Nd5 h5 34. Rge1 h4 35. Qg1 f5 36. Ne3 fxe4 37. fxe4 Qf7 38. Ng2 Qf3 39. Rd2 Rf8 40. Re3 Qg4 41. Ne1 Qxg1+ 42. Kxg1 Bg4 43. h3 Bh5 44. Kg2 Kg7 45. Red3 Rff6 46. f3 Kf7 47. Kf2 Ke7 48. Ke3 Rg8 49. Rf2 Bf7 50. Rdd2 Be6 51. Nc2 Bxh3 52. b4 Be6 53. bxc5 dxc5 54. Na3 g4 55. fxg4 Rxg4 56. Rxf6 Kxf6 57. Rf2+ Kg5 58. Nc2 Rg3+ 59. Ke2 Bxc4+ 60. Kd2 Rd3+ 61. Kc1 h3 62. Ne1 Rg3 63. Nf3+ Rxf3 64. Rxf3 Kg4 65. Rf8 Bf1 66. Rxf1 Kg3 67. Kd2 h2 68. Kc3 Kg2 69. Rd1 h1=Q 70. Rxh1 Kxh1 71. Kc4 Kg2 72. Kxc5 Kf3 73. Kd5 Kf4 74.
a3 a5 75. a4 Ke3 76. Kxe5 Kd3 77. Kd5 Kc3 78. e5 Kb4 79. e6 Kxa4 80. e7 Kb3 81.
e8=Q a4 82. Qe1 a3 83. Qa1 1-0

[Event "*** Titled Tuesday Blitz"]
[Site "Chess.com"]
[Date "2018.08.07"]
[Round "2"]
[White "David_Klein"]
[Black "nihalsarin"]
[Result "0-1"]
[WhiteElo "2508"]
[BlackElo "2778"]
[TimeControl "180+2"]
[EndTime "13:24:16 PDT"]
[Termination "nihalsarin won by resignation"]

1. b3 d5 2. Bb2 Bf5 3. e3 e6 4.
f4 Nf6 5. Nf3 h6 6. Nc3 Nbd7 7.
Ne2 Be7 8. Ng3 Bh7 9. Bd3 Bxd3 10. cxd3 O-O 11. O-O a5 12. a3 Nc5 13. Ne5 Nfd7 14. Nxd7 Nxd7 15. Nh5 Nf6 16. f5 Nxh5 17. Qxh5 Bf6 18.
Bxf6 Qxf6 19. d4 e5 20. dxe5 Qxe5 21. Rac1 d4 22. exd4 Qxd4+ 23. Kh1 Qe5 24. d4 Qd5 25. Rxc7 Rac8 26. Rxc8 Rxc8 27. Qg4 f6 28. b4 axb4 29.
axb4 Rc4 30. Re1 Qd7 31. h3 Rxd4 32. Qh5 Kf8 33. Qf3 Rd5 34. Rf1 Qb5 35. Rc1 Kg8 36.
Rc8+ Kh7 37. Qe4 Qf1+ 38. Kh2 Qxf5 39. Qxf5+ Rxf5 40. Rc4 Re5 41. g4 Re2+ 42. Kg3 Rb2 43. Re4 Rb3+ 44. Kg2 Kg6 45. Rf4 Kf7 46. Re4 Kg6 47.
Rf4 b6 48. Re4 h5 49. Rc4 h4 50. Rd4 Kh6 51. Rf4 Kg6 52. Rd4 Rg3+ 53. Kh2 Rb3 54. Re4 Rb2+ 55. Kg1 Kg5 56. Rd4 g6 57. Re4 f5 58.
gxf5 gxf5 59. Rd4 f4 60. Rc4 Kf5 61. Rd4 Ke5 62. Rc4 b5 63. Rc5+ Ke4 64. Rxb5 f3 65. Rh5 Rb1+ 66. Kf2 Rb2+ 67. Kf1 Ke3 68. Re5+ Kf4 69.
Rc5 Rxb4 70. Rc6 Rb1+ 71. Kf2 Rb2+ 72. Kf1 Kg3 73. Rg6+ Kxh3 74. Rg7 Kh2 75. Rg6 h3 76. Rg7 Rg2 77. Rh7 Kg3 78. Rg7+ Kf4 79. Rf7+ Ke4 80. Re7+ Kd5 81. Rf7 h2 82. Rh7 Rg1+ 83. Kf2 h1=Q 84. Rxh1 Rxh1 85. Kxf3 Re1 0-1

[Event "*** Titled Tuesday Blitz"]
[Site "Chess.com"]
[Date "2018.08.07"]
[Round "2"]
[White "xberli"]
[Black "ozates"]
[Result "0-1"]
[WhiteElo "2447"]
[BlackElo "2481"]
[TimeControl "180+2"]
[EndTime "13:24:23 PDT"]
[Termination "ozates won by resignation"]

1. e4 c5 2. Nf3 Nc6 3. Bb5 g6 4.
O-O Bg7 5. Re1 e5 6. c3 Nge7 7. a3 Qb6 8. Bf1 O-O 9. b4 d6 10. d3 h6 11. Nbd2 Qc7 12. Nb3 b6 13. d4 exd4 14.
cxd4 Bg4 15. Bb2 cxb4 16. axb4 Nxb4 17. h3 Bxf3 18. Qxf3 d5 19. Rac1 Qd7 20. Ba3 a5 21. exd5 Nexd5 22. Bc4 Rfc8 23. Nd2 b5 24. Bxd5 Qxd5 25.
Bxb4 Qxf3 26. Nxf3 axb4 27. Rxc8+ Rxc8 28. Rb1 Rc4 29. d5 Bc3 30. d6 Kf8 31. Kf1 Ke8 32.
Ke2 Kd7 33. Rd1 Rc6 34. Rd5 b3 35. Rxb5 b2 36. Kd3 Bf6 37. Ke4 Rxd6 38. Ne5+ Ke6 39.
f4 Bxe5 40. fxe5 Rd2 41. Rb6+ Ke7 42. Rb7+ Kf8 43. g4 h5 44. Kf4 hxg4 45. hxg4 Re2 46. Kf3 Rxe5 47. Rxb2 Kg7 48. Rb4 Kh6 49. Rb7 f6 50.
Kf4 Rc5 51. Rb4 Rc1 52. Ra4 Rf1+ 53. Kg3 Rg1+ 54. Kf3 Kg5 55. Rb4 Kh4 56. Ra4 Rg3+ 57. Kf2 Rxg4 58. Ra6 f5 59. Kf3 Kg5 60. Ra1 Rb4 61.
Rg1+ Kf6 62. Ra1 Rb3+ 63. Kf2 Ke5 64. Ra5+ Kf4 65. Ra4+ Kg5 66. Ra1 f4 67. Rg1+ Kf5 68.
Ra1 g5 69. Ra5+ Kg4 70. Ra2 Rh3 71. Kg2 f3+ 72. Kg1 Rh8 73. Ra4+ Kg3 74. Ra2 Rb8 75. Rg2+ Kf4 76. Ra2 g4 77. Ra4+ Kg3 78. Ra1 Rb2 79.
Rd1 Rg2+ 80. Kf1 Rh2 81. Kg1 f2+ 82. Kf1 Rh1+ 0-1

[Event "*** Titled Tuesday Blitz"]
[Site "Chess.com"]
[Date "2018.08.07"]
[Round "2"]
[White "ShadowJolteon"]
[Black "narutosmith"]
[Result "1-0"]
[WhiteElo "2187"]
[BlackElo "2091"]
[TimeControl "180+2"]
[EndTime "13:24:33 PDT"]
[Termination "ShadowJolteon won by resignation"]

1. d4 Nf6 2. c4 c5 3. Nf3 cxd4 4. Nxd4 b6 5. Nc3 Bb7 6. f3 e6 7. e4 Nc6 8. Be3 Bc5 9. Be2 O-O 10. O-O Qe7 11.
Kh1 Rfd8 12. a3 d5 13. cxd5 exd5 14. Nxc6 Bxc6 15. Bxc5 Qxc5 16. exd5 Nxd5 17. Nxd5 Qxd5 18. Qe1 Re8 19. Qf2 Qd2 20. Bc4 Rad8 21. Rac1 Ba8 22. h3 h6 23. Bb5 Qxf2 24. Rxf2 Re7 25. Rfc2 Kh7 26. Rc7 Rxc7 27. Rxc7 Rd1+ 28. Kh2 Rd2 29. Rxf7 Rxb2 30. Bd3+ Kg8 31. Bg6 Rd2 32. Re7 Rd8 33.
Rxa7 Bd5 34. h4 b5 35. h5 Bc4 36. Kg3 Kf8 37. Kf4 Rd4+ 38. Ke3 Rd1 39. g4 Re1+ 40. Kf4 Ra1 41. Ra8+ Ke7 42. Ra7+ Kf6 43. Ra6+ Ke7 44. Ra5 Ra2 45. Be4 Kf6 46. Bc6 Rb2 47. Ra6 Ke7 48. Rb6 Ra2 49. Rb7+ Kf6 50. Ra7 b4 51. a4 b3 52. Rb7 b2 53. Be4 Rxa4 54. Rxb2 Bd5 55. Rb6+ Kf7 56. Rd6 Bxe4 57. fxe4 Ke7 58.
Rb6 Kf7 59. Kf5 Ra1 60. Rb7+ Kg8 61. Kg6 Ra6+ 62. Kf5 Rf6+ 63. Ke5 Rf1 64. Ke6 Rf6+ 65. Ke5 Rf1 66. Rb6 Rg1 67. Kf5 Rf1+ 68. Kg6 Rf8 69. e5 Re8 70. e6 Kf8 71. Rd6 Ke7 72. Rd7+ Kxe6 73. Rxg7 Rc8 74. Kxh6 Rc4 75. g5 Rg4 76. g6 Kf6 77. Rg8 Rg3 78. Rf8+ Ke7 79. Rf1 Rh3 80.
g7 Rg3 81. Kh7 Rg5 82. h6 Rg4 83. g8=Q 1-0

[Event "*** Titled Tuesday Blitz"]
[Site "Chess.com"]
[Date "2018.08.07"]
[Round "2"]
[White "misha_melnichuk"]
[Black "GMKrikor"]
[Result "1/2-1/2"]
[WhiteElo "2618"]
[BlackElo "2784"]
[TimeControl "180+2"]
[EndTime "13:24:41 PDT"]
[Termination "Game drawn - insufficient material"]

1. Nf3 d5 2. g3 g6 3. Bg2 Bg7 4. O-O Nf6 5. d4 O-O 6. c4 dxc4 7. Na3 c3 8. bxc3 c5 9. e3 Nc6 10. Rb1 Nd5 11. Bd2 Qa5 12. Qb3 Nb6 13. c4 Qa6 14. Nb5 Bf5 15. Nc7 Qxc4 16. Nxa8 Bxb1 17. Nxb6 Qxb3 18.
axb3 Bd3 19. Nd7 Bxf1 20. Kxf1 Rd8 21. Nxc5 b6 22. Nd3 e6 23. Ke2 Rc8 24. Kd1 Bf8 25.
Nfe5 Nxe5 26. Nxe5 a5 27. Nd7 Bb4 28. Nxb6 Rb8 29.
Bxb4 axb4 30. Na4 Rc8 31. Nc5 Rc7 32. Kd2 Ra7 33. Ke2 Ra2+ 34. Kf3 Rc2 35. Bf1 Rc3 36. Bc4 Kf8 37. Nd3 Ke7 38. Nxb4 Kd6 39. Nd3 f6 40. g4 e5 41. dxe5+ fxe5 42. Ke4 Rc2 43. h4 h5 44. g5 Ra2 45. Nxe5 Rxf2 46. Nxg6 Rh2 47.
b4 Kc6 48. b5+ Kc5 49. Bd3 Rh3 50. Kf4 Rh2 51. e4 Rd2 52. Bb1 Kd4 53. b6 Rf2+ 54. Kg3 Rb2 55. Nf4 Rxb1 56. Nxh5 Kxe4 57.
Nf6+ Kf5 58. Nd5 Rb3+ 59. Kf2 Rb5 60. Ne3+ Kf4 61. Nc4 Rb4 62. Nd6 Rxb6 63. Nf7 Rb2+ 64. Ke1 Rb6 65. h5 Kf5 66. g6 Kf6 67. Kf2 Kg7 68.
Kg3 Rb4 69. Ng5 Kh6 70. Ne6 Rb8 71. Kg4 Rb4+ 72. Nf4 Ra4 73. Kf5 Ra5+ 74. Kf6 Ra6+ 75. Ne6 Ra8 76. g7 Rg8 77. Kf7 Ra8 78. g8=Q Rxg8 79.
Kxg8 Kxh5 1/2-1/2

[Event "*** Titled Tuesday Blitz"]
[Site "Chess.com"]
[Date "2018.08.07"]
[Round "2"]
[White "oskariot"]
[Black "Slovak_fighter2000"]
[Result "1-0"]
[WhiteElo "2467"]
[BlackElo "2389"]
[TimeControl "180+2"]
[EndTime "13:24:53 PDT"]
[Termination "oskariot won by resignation"]

1. c4 e6 2. d4 d5 3. Nc3 Nf6 4. Bg5 Be7 5. cxd5 Nxd5 6. Bxe7 Qxe7 7. Rc1 O-O 8. Nf3 Nxc3 9. Rxc3 c6 10. e3 Nd7 11.
Qc2 e5 12. Bd3 h6 13. O-O exd4 14. Nxd4 Ne5 15. Be4 Bg4 16. h3 Bh5 17. Rc5 Bg6 18.
Bxg6 Nxg6 19. Nf5 Qf6 20. Rc1 Rad8 21. b4 Ne7 22. Nd4 Rd5 23. a4 Rfd8 24. b5 cxb5 25. axb5 Rxc5 26. Qxc5 Rc8 27. Qa3 Rxc1+ 28. Qxc1 Qb6 29.
Qa3 Ng6 30. Qc3 a6 31. Qc8+ Nf8 32. Nf5 Qe6 33. Qxb7 axb5 34. Qxb5 Ng6 35. Nd4 Qf6 36. Qb8+ Kh7 37. Qb1 Kg8 38. Qe4 Qe5 39. Qxe5 Nxe5 40. g3 g6 41. Kg2 Kg7 42. f4 Nc4 43. Kf3 f5 44. g4 Kf6 45. gxf5 gxf5 46. Nb3 Nd6 47.
Nc1 Nc4 48. Ne2 Ke6 49. Nd4+ Kf6 50. Kf2 Nd2 51. Nc2 Ne4+ 52. Kf3 Nd2+ 53. Ke2 Ne4 54.
Nd4 Nd6 55. Nc6 Ne4 56. Ne5 Nd6 57. Kf2 Ne4+ 58. Kf3 Nd2+ 59. Kg3 Nf1+ 60. Kf2 Nd2 61. Nf3 Ne4+ 62. Ke2 Ng3+ 63. Kd3 Ne4 64. Nd2 Nf2+ 65. Ke2 Nxh3 66. Kf1 Ng5 67. fxg5+ hxg5 68. Kf2 Ke5 69.
Nf3+ Kf6 70. Ne1 Ke5 71. Nf3+ Kf6 72. Ke2 g4 73. Ne1 Ke5 74. Ng2 Ke4 75. Nf4 g3 76. Ng2 Ke5 77. Kf3 Kf6 78. Kxg3 Ke5 79. Kf3 Kf6 80.
Kf4 Ke6 81. Nh4 1-0

[Event "*** Titled Tuesday Blitz"]
[Site "Chess.com"]
[Date "2018.08.07"]
[Round "2"]
[White "platy3"]
[Black "vpantev"]
[Result "1/2-1/2"]
[WhiteElo "2720"]
[BlackElo "2511"]
[TimeControl "180+2"]
[EndTime "13:25:27 PDT"]
[Termination "Game drawn - insufficient material"]

1. e4 c6 2. d4 d5 3. e5 Bf5 4. Nf3 e6 5. Be2 Ne7 6. O-O Nd7 7. c3 c5 8. dxc5 Nc6 9. Be3 Bxc5 10. Bxc5 Nxc5 11. Bb5 Qb6 12. Nd4 Bg6 13. b4 Nd7 14.
Bxc6 bxc6 15. Re1 O-O 16. Nd2 c5 17. bxc5 Qxc5 18. N2b3 Qc4 19. h4 h6 20. h5 Bh7 21.
Re3 Rac8 22. Rg3 Kh8 23. Qg4 Rg8 24. Re1 Nc5 25. Nxc5 Rxc5 26. Qf4 Rc7 27. a3 Qa2 28. Nb5 Qc4 29. Nd4 a6 30. Ree3 Qa4 31. Kh2 Qxa3 32. Rg4 Qc1 33. Qg3 a5 34. Nb5 Rd7 35. Nd6 Qb1 36.
Rf3 Bf5 37. Ra4 Ra8 38. Qf4 Qc2 39. Rg3 Rc7 40. Ra3 a4 41. c4 dxc4 42. Rgc3 Qd1 43. f3 Qd5 44. Ra2 Kg8 45. Rd2 Qc6 46. Ra2 Qd5 47.
g4 Bd3 48. Rd2 Rca7 49. Ra3 Qc5 50. Rda2 Rd8 51. Kg2 Qc6 52. Qe3 Rda8 53. Kg3 Ra5 54. g5 Qd5 55. gxh6 Qxe5+ 56. Qxe5 Rxe5 57. hxg7 Kxg7 58.
h6+ Kf6 59. Rxa4 Rxa4 60. Rxa4 Rg5+ 61. Kf4 Rh5 62. Kg4 Rxh6 63. Nxc4 Bf5+ 64. Kg3 Rh3+ 65. Kg2 Rh4 66. Nb6 Rxa4 67. Nxa4 Ke5 68. Kg3 Bc2 69. Nc5 Kd6 70. Na6 Bd3 71. Nb4 Bb1 72.
Kf4 f6 73. Ke3 Kc5 74. Na6+ Kd6 75. Kd4 Bc2 76. Nb4 Bb1 77. f4 Kc7 78. Na6+ Kd6 79. Nc5 Ke7 80. Ke3 Kd6 81. Nb3 Bc2 82. Nd4 Ba4 83.
Nf3 Bc6 84. Nd4 Bd5 85. Ne2 Ke7 86. Kd4 Bc6 87. Ng3 Bd7 88. Ne4 Kf7 89. Nd6+ Kg6 90. Ke3 Kh5 91. f5 e5 92. Ne4 Bxf5 93. Nxf6+ Kg6 94.
Nd5 Kf7 95. Nb6 Ke6 96. Nc4 Kd5 97. Nxe5 Kxe5 1/2-1/2

[Event "*** Titled Tuesday Blitz"]
[Site "Chess.com"]
[Date "2018.08.07"]
[Round "2"]
[White "Alexander_Moskalenko"]
[Black "nailbeshirli"]
[Result "1-0"]
[WhiteElo "2836"]
[BlackElo "2519"]
[TimeControl "180+2"]
[EndTime "13:25:44 PDT"]
[Termination "Alexander_Moskalenko won by resignation"]

1. e4 c5 2. Nf3 Nf6 3. Nc3 d6 4. d4 cxd4 5. Nxd4 Nc6 6. f3 e5 7.
Nb3 Be7 8. Be3 O-O 9. Qd2 Be6 10. O-O-O a5 11. Bb5 Na7 12. Bxa7 Rxa7 13. g4 Qc7 14. h4 Nd7 15. Kb1 a4 16. Bxa4 Nc5 17. Nxc5 dxc5 18. Bb5 Rd8 19. Qe2 Rd4 20. Rxd4 cxd4 21. Nd5 Qc5 22. Bc4 Bd6 23. Bb3 b5 24. g5 Ra8 25. h5 Re8 26. Qg2 Qc8 27. g6 fxg6 28. hxg6 h6 29. Qe2 Qd7 30. Nb6 Qc6 31. Nd5 Kh8 32.
a3 Kg8 33. Qd2 Rf8 34. Qg2 Qd7 35. Rh5 Bb8 36. Qg3 Bxd5 37. Bxd5+ Kh8 38. Qg2 Rf6 39. Bf7 Bd6 40. Rh1 Bf8 41. Qe2 Qc6 42. Qd3 Qc5 43. Rc1 b4 44. a4 Qa5 45. Qb3 Qb6 46. Rh1 Qc5 47. Rf1 Rf4 48. Qe6 Qe7 49. Qxe7 Bxe7 50.
a5 Bc5 51. Ka2 h5 52. Kb3 h4 53. Kc4 Ba7 54. Be6 Rf6 55. Bf5 Rc6+ 56. Kb3 Bc5 57.
Rh1 Be7 58. Ra1 Rc7 59. a6 Ra7 60. Kc4 Rc7+ 61. Kb5 Bc5 62. Rh1 Kg8 63. Rxh4 Ba7 64. Be6+ Kf8 65. Bb3 Ke7 66. f4 Kf6 67. f5 Rc8 68.
Kxb4 Rb8+ 69. Ka4 Rb6 70. Ka5 Rb8 71. Rh1 d3 72. Rd1 dxc2 73. Bxc2 Rxb2 74. Rd6+ Kg5 75.
Rc6 Bd4 76. Ka4 Kh6 77. Bb3 Rb1 78. Bc4 Kg5 79. Rc7 Rc1 80. Kb5 Rb1+ 81. Kc6 Rc1 82. Kd5 Kh6 83. Ke6 Bb6 84. Rc8 Bd4 85. Kf7 Be3 86. f6 Rc2 87. Rh8+ Kg5 88. fxg7 Rxc4 89. g8=Q Rc7+ 90. Ke6 1-0

[Event "*** Titled Tuesday Blitz"]
[Site "Chess.com"]
[Date "2018.08.07"]
[Round "3"]
[White "jposthuma"]
[Black "Arystanner23"]
[Result "0-1"]
[WhiteElo "2380"]
[BlackElo "2572"]
[TimeControl "180+2"]
[EndTime "13:29:25 PDT"]
[Termination "Arystanner23 won by resignation"]

1. d4 Nf6 2. c4 e6 3. g3 d5 4. Bg2 dxc4 5. Nf3 Bd7 6. Ne5 Bc6 7. Nxc6 Nxc6 8. Qa4 Qd7 9. Qxc4 Nxd4 10. Bxb7 Rb8 11. Bg2 Bb4+ 12. Bd2 Bxd2+ 13. Nxd2 Rxb2 14. e3 Nc2+ 15. Ke2 Qxd2+ 16. Kxd2 Na3+ 17. Kc3 Nxc4 18. Rab1 Rxb1 19.
Rxb1 Nb6 0-1

[Event "*** Titled Tuesday Blitz"]
[Site "Chess.com"]
[Date "2018.08.07"]
[Round "3"]
[White "ozates"]
[Black "dinesh501"]
[Result "1-0"]
[WhiteElo "2487"]
[BlackElo "2363"]
[TimeControl "180+2"]
[EndTime "13:29:28 PDT"]
[Termination "ozates won by checkmate"]

1. e4 e6 2. d4 d5 3. Nd2 Be7 4. Bd3 c5 5. dxc5 Nf6 6. Qe2 O-O 7. Ngf3 a5 8. c3 Na6 9. c6 bxc6 10. e5 Nd7 11. h4 Nac5 12. Bxh7+ Kxh7 13. Ng5+ Kg8 14. Qh5 Nd3+ 15. Kf1 Bxg5 16. hxg5 f6 17. g6 Re8 18.
Qh8# 1-0

[Event "*** Titled Tuesday Blitz"]
[Site "Chess.com"]
[Date "2018.08.07"]
[Round "3"]
[White "nitpicker"]
[Black "senecacrane"]
[Result "1-0"]
[WhiteElo "2112"]
[BlackElo "2113"]
[TimeControl "180+2"]
[EndTime "13:29:34 PDT"]
[Termination "nitpicker won by resignation"]

1. d4 d5 2. c4 e6 3. Nf3 Nf6 4. g3 dxc4 5. Bg2 a6 6. O-O Nc6 7. e3 Bd7 8. b3 cxb3 9. Qxb3 Rb8 10. Bb2 Bd6 11. Nbd2 O-O 12. e4 e5 13. dxe5 Be6 14.
Qd1 Bxe5 15. Nxe5 Nd4 16. Ndc4 c5 17. Rc1 b5 18. Bxd4 cxd4 19. Nc6 Qb6 20. Nxb6 1-0

[Event "*** Titled Tuesday Blitz"]
[Site "Chess.com"]
[Date "2018.08.07"]
[Round "3"]
[White "KRASAVCHIK2002"]
[Black "orrbaverlekszarnyon"]
[Result "0-1"]
[WhiteElo "2189"]
[BlackElo "2338"]
[TimeControl "180+2"]
[EndTime "13:29:58 PDT"]
[Termination "orrbaverlekszarnyon won by resignation"]

1. e4 c5 2. Nf3 d6 3. d4 cxd4 4. Nxd4 Nf6 5. Nc3 g6 6. Be3 Bg7 7. f3 O-O 8. Qd2 Nc6 9. O-O-O d5 10. exd5 Nxd5 11. Nxc6 bxc6 12. Nxd5 cxd5 13. Bh6 Bxh6 14. Qxh6 Qa5 15. Kb1 Bf5 16. Bd3 Bxd3 17. Rxd3 Rfc8 18.
h4 Rab8 19. b3 Qc5 20. Rd2 e6 21. h5 Qf8 22. hxg6 Qxh6 23. gxf7+ Kg7 0-1

[Event "*** Titled Tuesday Blitz"]
[Site "Chess.com"]
[Date "2018.08.07"]
[Round "3"]
[White "fidetrainerNET"]
[Black "FearNoEvil12"]
[Result "1-0"]
[WhiteElo "1920"]
[BlackElo "1934"]
[TimeControl "180+2"]
[EndTime "13:30:38 PDT"]
[Termination "fidetrainerNET won by resignation"]

1. d4 b5 2. e4 a6 3. a4 b4 4. Bd3 Bb7 5. Nd2 e6 6. f4 c5 7.
Ngf3 Qb6 8. dxc5 Bxc5 9. Nb3 Bf2+ 10. Ke2 Qa7 11. a5 Nc6 12. Rf1 Bd4 13. Nfxd4 Nxd4+ 14. Nxd4 Qxd4 15. Be3 Qd6 16. Qd2 Qc6 17. Qxb4 Ne7 18.
Ra3 Qc7 19. Bb6 Qc8 20. Rc3 Nc6 21. Qd6 Qb8 22. Bc7 Qc8 23. f5 e5 24. f6 gxf6 25.
Rxf6 Rg8 26. Kf1 Rg6 27. Rxc6 Bxc6 28. Qxe5+ Kf8 29. Bc4 Rxf6+ 30. Qxf6 d5 31. Bd6+ Kg8 32. Qg5+ Kh8 33. Be5+ 1-0

[Event "*** Titled Tuesday Blitz"]
[Site "Chess.com"]
[Date "2018.08.07"]
[Round "3"]
[White "Abrito99"]
[Black "Didici"]
[Result "1-0"]
[WhiteElo "2499"]
[BlackElo "2546"]
[TimeControl "180+2"]
[EndTime "13:30:45 PDT"]
[Termination "Abrito99 won by resignation"]

1. e4 e5 2. Nf3 Nc6 3. Bc4 Nf6 4. d3 Be7 5. O-O O-O 6. Re1 d6 7. a4 Kh8 8. h3 Ng8 9. Nc3 f5 10. Nd5 Nf6 11. Ng5 Ng8 12. Qh5 Bxg5 13. Bxg5 Nce7 14.
Nxe7 Nxe7 15. Qh4 Re8 16. Bf7 1-0

[Event "*** Titled Tuesday Blitz"]
[Site "Chess.com"]
[Date "2018.08.07"]
[Round "3"]
[White "saraswathii"]
[Black "thegreendog"]
[Result "0-1"]
[WhiteElo "2282"]
[BlackElo "2327"]
[TimeControl "180+2"]
[EndTime "13:30:49 PDT"]
[Termination "thegreendog won by resignation"]

1. d4 d5 2. Bf4 Nf6 3. e3 c5 4.
c3 Nc6 5. Nf3 Bf5 6. Bd3 Bxd3 7.
Qxd3 c4 8. Qc2 Qb6 9. Nbd2 Nh5 10. Bg3 Nxg3 11. hxg3 g6 12. e4 dxe4 13. Nxe4 Bg7 14.
O-O-O O-O 15. Nfg5 h6 16. Nf3 Rad8 17. Qd2 f5 18.
Nc5 Rd6 19. Rxh6 Qxc5 20. Rxg6 Qa5 21. Rxd6 exd6 22. Kb1 f4 0-1

[Event "*** Titled Tuesday Blitz"]
[Site "Chess.com"]
[Date "2018.08.07"]
[Round "3"]
[White "guillembaches"]
[Black "WarlordX"]
[Result "1-0"]
[WhiteElo "2236"]
[BlackElo "2365"]
[TimeControl "180+2"]
[EndTime "13:31:05 PDT"]
[Termination "guillembaches won by checkmate"]

1. d4 Nf6 2. Bf4 d5 3. e3 Bf5 4. Bd3 Bxd3 5. Qxd3 e6 6. c4 Nbd7 7. Nc3 Bb4 8. Nf3 c6 9. O-O O-O 10. Ne5 Nb6 11. c5 Nbd7 12. f3 Nh5 13. a3 Ba5 14. Nxd7 Nxf4 15. exf4 Qxd7 16. Rae1 Bc7 17. g3 a5 18. Nd1 b6 19. b4 axb4 20. axb4 Ra4 21. Qd2 Rfa8 22. Nf2 Ra2 23. Qe3 R8a4 24. Nd3 R2a3 25. Qe2 Qc8 26. f5 bxc5 27. Nxc5 Rxb4 28. fxe6 fxe6 29. Nxe6 Bb6 30. Qe5 Qb7 31. Nd8 Qd7 32. Qe8+ Qxe8 33. Rxe8# 1-0

[Event "*** Titled Tuesday Blitz"]
[Site "Chess.com"]
[Date "2018.08.07"]
[Round "3"]
[White "yoolund"]
[Black "sergeikim"]
[Result "0-1"]
[WhiteElo "2507"]
[BlackElo "2374"]
[TimeControl "180+2"]
[EndTime "13:31:13 PDT"]
[Termination "sergeikim won by resignation"]

1. b3 Nf6 2. Bb2 g6 3. Nf3 Bg7 4. g3 d6 5. Bg2 O-O 6. O-O e5 7. c4 Re8 8. Nc3 c6 9. d4 exd4 10. Nxd4 Nbd7 11. Qc2 Nc5 12. Rad1 Qb6 13. Rd2 a5 14.
Ba3 Nfd7 15. Rfd1 Ne5 16. Nf3 Bf5 17. Qc1 a4 18. Bxc5 Qxc5 19. Nxe5 dxe5 20. Nxa4 Qb4 21. e3 Bg4 22. f3 Be6 23. Qc3 Rxa4 0-1

[Event "*** Titled Tuesday Blitz"]
[Site "Chess.com"]
[Date "2018.08.07"]
[Round "3"]
[White "ftorodent"]
[Black "Indianlad"]
[Result "1-0"]
[WhiteElo "2543"]
[BlackElo "2747"]
[TimeControl "180+2"]
[EndTime "13:31:19 PDT"]
[Termination "ftorodent won by resignation"]

1. d4 Nf6 2. c4 g6 3. Nf3 Bg7 4. Nc3 d5 5. cxd5 Nxd5 6. Bg5 Nxc3 7. bxc3 c5 8. e3 O-O 9. Qd2 Nc6 10. Be2 Qa5 11.
O-O h6 12. Bh4 g5 13. Bg3 g4 14. Ne5 Nxe5 15. Bxe5 Bxe5 16. dxe5 c4 17. Qd4 Rd8 18. Qf4 Qxc3 19. Bxc4 Rf8 20. Rac1 Qb2 21. Rb1 Qc2 22. e6 fxe6 23. Qxg4+ Kf7 24. Rb5 Qh7 25. Rd1 Rg8 26. Rf5+ 1-0

[Event "*** Titled Tuesday Blitz"]
[Site "Chess.com"]
[Date "2018.08.07"]
[Round "3"]
[White "GrigorGrigorov"]
[Black "indfraeng"]
[Result "1-0"]
[WhiteElo "2702"]
[BlackElo "1889"]
[TimeControl "180+2"]
[EndTime "13:31:19 PDT"]
[Termination "GrigorGrigorov won by resignation"]

1. e4 e5 2. Nf3 Nf6 3. d3 Nc6 4. c3 d5 5. Qc2 Bg4 6. Be2 Bc5 7. O-O O-O 8. b4 Bb6 9. a3 a6 10. Bb2 Qe7 11. Re1 Rfe8 12. Nbd2 Rad8 13. exd5 Nxd5 14. c4 Nf4 15. c5 Ba7 16. Bf1 f6 17. d4 Bxf3 18.
Nxf3 e4 19. Rad1 f5 20. d5 Nxd5 21. Bc4 Qe6 22. Ng5 Qg6 23. Rxd5 Kh8 24. Nf7+ Qxf7 25. Rxd8 Qg6 26. Rxe8+ Qxe8 27. Qc3 Qe7 28. Rd1 f4 29.
Qh3 h6 30. Rd7 Qg5 31. Bxg7+ Qxg7 32. Rxg7 Kxg7 1-0

[Event "*** Titled Tuesday Blitz"]
[Site "Chess.com"]
[Date "2018.08.07"]
[Round "3"]
[White "tgpgoat"]
[Black "aa175"]
[Result "1-0"]
[WhiteElo "1995"]
[BlackElo "1928"]
[TimeControl "180+2"]
[EndTime "13:31:23 PDT"]
[Termination "tgpgoat won by checkmate"]

1. Nf3 Nf6 2. d4 d5 3. c4 dxc4 4. e3 c5 5. Bxc4 cxd4 6. Nxd4 e6 7. Nc3 Bb4 8. O-O O-O 9. a3 Bc5 10. Nce2 a6 11. b4 Ba7 12. Bb2 Bd7 13. Qd2 Nc6 14.
Rfd1 Rc8 15. Bb3 Nxd4 16. Nxd4 Ne4 17. Qd3 Nd6 18. Nxe6 Bxe6 19. Bxe6 fxe6 20. Qxd6 Qxd6 21. Rxd6 Rc2 22. Bd4 Bxd4 23. Rxd4 Rfxf2 24. Rg4 h5 25. Rg5 Kh7 26. h4 g6 27. Rd1 Rfd2 28. Rf1 Kg7 29.
Rf3 Rd1+ 30. Kh2 Rcc1 31. e4 Rc4 32. Rfg3 Rxe4 33. Rxg6+ Kh8 34. Rh6# 1-0

[Event "*** Titled Tuesday Blitz"]
[Site "Chess.com"]
[Date "2018.08.07"]
[Round "3"]
[White "Maxim_e2e4"]
[Black "SantoBlue"]
[Result "0-1"]
[WhiteElo "2391"]
[BlackElo "2662"]
[TimeControl "180+2"]
[EndTime "13:31:35 PDT"]
[Termination "SantoBlue won by resignation"]

1. e4 c5 2. Nf3 d6 3. d4 cxd4 4. Qxd4 Nf6 5. c4 Nc6 6. Qe3 g6 7. Nc3 Bg7 8. Be2 O-O 9. O-O Bg4 10. h3 Bxf3 11. Bxf3 Nd7 12. b3 Nd4 13. Bd1 f5 14.
exf5 Nxf5 15. Qd2 Nc5 16. Bb2 Kh8 17. Re1 e5 18. Bf3 Nd4 19. Bd5 Qh4 20. Ne4 Bh6 21.
Qc3 Nxe4 22. Rxe4 Qxf2+ 23. Kh1 Ne2 24. Rxe2 Qxe2 25. Re1 Rf1+ 26. Rxf1 Qxf1+ 27. Kh2 Bf4+ 28. g3 Qf2+ 29. Bg2 Be3 0-1

[Event "*** Titled Tuesday Blitz"]
[Site "Chess.com"]
[Date "2018.08.07"]
[Round "3"]
[White "Firouzja2003"]
[Black "krzyzan94"]
[Result "0-1"]
[WhiteElo "2831"]
[BlackElo "2640"]
[TimeControl "180+2"]
[EndTime "13:31:52 PDT"]
[Termination "krzyzan94 won by resignation"]

1. e4 e5 2. Nf3 Nc6 3. Bb5 a6 4. Ba4 Nf6 5. O-O Nxe4 6. d4 exd4 7. Re1 d5 8. Nxd4 Bd6 9. Nxc6 Bxh2+ 10. Kh1 Qh4 11.
Rxe4+ dxe4 12. Qd8+ Qxd8 13. Nxd8+ Kxd8 14. Kxh2 Be6 15. Nc3 c5 16. Nxe4 b5 17. Nxc5 bxa4 18. Nxa4 Ke7 19. b3 Rhd8 20. c4 Rac8 21. Be3 Rd3 22.
Re1 Kf6 23. Nb2 Rd7 24. Na4 Rd3 25. Re2 Rc6 26. Ba7 Bf5 27. Nc3 g5 28. Nd5+ Kg7 29. Nb4 Rh6+ 0-1

[Event "*** Titled Tuesday Blitz"]
[Site "Chess.com"]
[Date "2018.08.07"]
[Round "3"]
[White "Kubas1010"]
[Black "Korchmar_Vasiliy"]
[Result "0-1"]
[WhiteElo "2463"]
[BlackElo "2618"]
[TimeControl "180+2"]
[EndTime "13:32:05 PDT"]
[Termination "Korchmar_Vasiliy won by resignation"]

1. d4 Nf6 2. c4 g6 3. Nc3 d5 4. Nf3 Bg7 5. e3 O-O 6. Qb3 e6 7. Be2 b6 8. cxd5 exd5 9. O-O Bb7 10.
Rd1 Nbd7 11. Qa3 Re8 12. b4 Ne4 13. Bb2 a5 14. b5 Ndf6 15. Ne5 Nxc3 16. Qxc3 Ne4 17.
Qc2 Qh4 18. g3 Qf6 19. f3 Nd6 20. Qxc7 Rac8 21. Qxb6 Rc2 22. Ba3 Rxe2 23. Qxd6 Qg5 24. Ng4 h5 25. f4 Qxg4 0-1

[Event "*** Titled Tuesday Blitz"]
[Site "Chess.com"]
[Date "2018.08.07"]
[Round "3"]
[White "Carolina-moon"]
[Black "luca_va99"]
[Result "0-1"]
[WhiteElo "2147"]
[BlackElo "2394"]
[TimeControl "180+2"]
[EndTime "13:32:18 PDT"]
[Termination "luca_va99 won by resignation"]

1. e4 e6 2. d4 d5 3. Nd2 Nf6 4. e5 Nfd7 5. Bd3 c5 6. c3 b6 7. Ne2 Ba6 8. Bc2 Be7 9. O-O O-O 10. f4 cxd4 11. cxd4 Nc6 12. Nf3 f5 13. Be3 Nb4 14. Ba4 Rc8 15. a3 Nc6 16. Rc1 Na5 17. Rxc8 Qxc8 18.
b4 Nc4 19. Bf2 Nxa3 20. Qb3 Bxe2 21. Qxa3 Bxf1 22. Kxf1 a5 23. Qe3 axb4 24. Ng5 Bxg5 25. fxg5 Qc4+ 26. Kg1 b5 27. Bd1 Nb6 28. g6 hxg6 29.
Qg5 Qd3 0-1